 Dungeon Crawl Stone Soup version 0.27.1-33-g824d729ab1 (webtiles) character file.

Game seed: 7231791315665190152

98 testman the Ruffian (level 4, -1/45 HPs)
             Began as a Troll Monk on Dec 25, 2021.
             Was a Priest of Nemelex Xobeh.
             Slain by a goblin (5 damage)
             ... led by Robin
             ... on level 2 of the Dungeon.
             The game lasted 00:11:04 (1232 turns).

testman the Ruffian (Troll Monk)                    Turns: 1232, Time: 00:11:05

Health: -1/45      AC:  4    Str: 20    XL:     4   Next: 44%
Magic:  3/3        EV: 10    Int:  6    God:    Nemelex Xobeh [***...]
Gold:   85         SH:  0    Dex: 12    Spells: 3/3 levels left

rFire    + . .     SeeInvis .     - Unarmed
rCold    . . .     Faith    .   (no shield)
rNeg     . . .     Spirit   .   a - +0 robe
rPois    +         Reflect  .   (helmet restricted)
rElec    .         Harm     .   (no cloak)
rCorr    .         Rampage  .   (gloves unavailable)
Will     .....                  (boots unavailable)
Stlth    ++........             (no amulet)
HPRegen  1.15/turn              d - ring of protection from fire
MPRegen  0.08/turn              (no ring)

@: no status effects
A: large, unfitting armour, claws 3, regeneration 1, shaggy fur 1, tough skin 1,
poison resistance
a: Renounce Religion, Draw Escape, Draw Destruction, Draw Summoning, Triple Draw


You were on level 2 of the Dungeon.
You worshipped Nemelex Xobeh.
Nemelex Xobeh was most pleased with you.
You visited 1 branch of the dungeon, and saw 2 of its levels.

You collected 85 gold pieces.

Inventory:

Missiles
 f - 9 stones (quivered)
Armour
 a - a +0 robe (worn)
Jewellery
 d - a ring of protection from fire (left claw)
Scrolls
 b - a scroll of identify {unknown}
 c - a scroll of enchant armour {unknown}
 g - a scroll of magic mapping {unknown}
 h - a scroll of amnesia {unknown}
 k - a scroll of teleportation {unknown}
 l - a scroll of fog {unknown}
 m - a scroll of vulnerability {unknown}
Potions
 i - a potion of curing
 j - 2 potions of haste {unknown}


   Skills:
 + Level 3.1 Fighting
 - Level 2.4 Dodging
 - Level 1.0 Stealth
 + Level 4.7 Unarmed Combat


You had 3 spell levels left.
You didn't know any spells.
Your spell library contained the following spells:

 Spells                   Type           Power      Damage    Failure   Level
 Corpse Rot               Necr/Air       N/A        N/A       58%         2
 Poisonous Vapours        Pois/Air       0%         N/A       58%         2
 Gell's Gravitas          Tloc           0%         N/A       83%         3
 Teleport Other           Tloc           0%         N/A       83%         3
 Freezing Cloud           Conj/Ice/Air   0%         6-21      100%        5
 Dispersal                Tloc           0%         N/A       100%        6


Dungeon Overview and Level Annotations

Branches:
Dungeon (2/15)

Altars:
Nemelex Xobeh

Annotations:
D:2 Robin


Innate Abilities, Weirdness & Mutations

You are too large for most types of armour.
You have claws for hands.
Your natural rate of healing is unusually fast.
You are covered in fur. (AC +1)
You have tough skin. (AC +1)
Your system is resistant to poisons. (rPois)


Message History

You closely miss the goblin.
Robin roars a battlecry!
The goblins go into a battle-frenzy!
The goblin hits you with a +0 club. The goblin hits you with a +3 dagger.
The hobgoblin barely misses you. The goblin closely misses you.
You closely miss the goblin. The goblin hits you with a +0 club.
The hobgoblin hits you. The goblin hits you with a +3 dagger!
* * * LOW HITPOINT WARNING * * *
You draw a card...
You have drawn the Cloud.
Clouds appear around you! The goblin closely misses you.
The goblin hits you with a +0 club.
* * * LOW HITPOINT WARNING * * *
The goblin hits you but does no damage. The hobgoblin closely misses you.
It was a potion of mutation.
You feel extremely strange.
Your thoughts seem clearer.
You feel resistant to poisons.
Your thinking seems confused.
The goblin closely misses you. x2; The goblin barely misses you.
The hobgoblin hits you but does no damage.
It was a potion of curing.
You feel better. The goblin hits you with a +0 club.
* * * LOW HITPOINT WARNING * * *
The goblin barely misses you. The goblin hits you with a +3 dagger.
* * * LOW HITPOINT WARNING * * *
The hobgoblin closely misses you.
You barely miss the goblin. The goblin barely misses you.
The goblin hits you but does no damage.
You completely miss the goblin. The hobgoblin closely misses you.
The goblin hits you with a +3 dagger.
* * * LOW HITPOINT WARNING * * *
The goblin barely misses you. x2
You claw the goblin!
You kill the goblin!
The hobgoblin misses you. The goblin hits you with a +3 dagger.
* * * LOW HITPOINT WARNING * * *
The goblin hits you with a +0 club.
* * * LOW HITPOINT WARNING * * *
The hobgoblin hits you.
* * * LOW HITPOINT WARNING * * *
Items here: ( ))) ††.
The goblin hits you with a +0 club.
You die...
Your body glows slightly and disappears.

#..#.###........##
#..#.# ##......##
######## ##.#.#
######## .......#
#.#.#########
.#####.####...........#
..####..........(.....#
#.....#####...........#
#####.†...............#
#########.##@######
#.##ggg# #####g(ggg....
#g.g...... #.g.......
##########


You could see Robin, a hobgoblin (strong) and 8 goblins.

Vanquished Creatures
  4 adders (D:2)
  A worm (D:2)
  2 dart slugs (D:1)
  8 ball pythons
  3 endoplasms
  A giant cockroach (D:1)
  8 goblins
  2 hobgoblins (D:2)
  7 jackals (D:1)
  3 kobolds
  4 quokkas
  5 bats
  A frilled lizard (D:1)
  A rat (D:1)
50 creatures vanquished.

Vanquished Creatures (others)
  2 withered plants (D:1)
2 creatures vanquished.

Grand Total: 52 creatures vanquished

Notes
Turn   | Place    | Note
-------+----------+-------------------------------------------
     0 | D:1      | testman the Troll Monk began the quest for the Orb.
     0 | D:1      | Reached XP level 1. HP: 22/22 MP: 0/0
   123 | D:1      | Reached XP level 2. HP: 29/29 MP: 1/1
   494 | D:1      | Found a faded altar of an unknown god.
   501 | D:1      | Reached XP level 3. HP: 36/36 MP: 2/2
   504 | D:1      | Became a worshipper of Nemelex Xobeh the Trickster
   504 | D:1      | Reached * piety under Nemelex Xobeh
   504 | D:1      | Received a gift from Nemelex Xobeh
   504 | D:1      | Reached ** piety under Nemelex Xobeh
   728 | D:1      | Reached skill level 4 in Unarmed Combat
   733 | D:1      | Reached *** piety under Nemelex Xobeh
   987 | D:2      | Reached XP level 4. HP: 42/45 MP: 3/3
  1213 | D:2      | Noticed Robin
  1226 | D:2      | Gained mutation: You possess an exceptional clarity of
                  | mind. [potion of mutation]
  1226 | D:2      | Gained mutation: Your system is resistant to poisons.
                  | (rPois) [potion of mutation]
  1226 | D:2      | Lost mutation: You possess an exceptional clarity of mind.
                  | [potion of mutation]
  1232 | D:2      | Slain by a goblin

Illustrated notes

Levels and vault maps discovered:
D:1:      dpeg_arrival_round_b, layout_basic, ebering_ecumenical_altar_petrified
D:2:      layout_rooms, minmay_cut_off, uniq_robin

Skill      XL: |  1  2  3 |
---------------+----------+-----
Unarmed Combat | 4 |  4.7
Fighting       | 3 |  3.1
Dodging        | |  2.4
Stealth        | |  1.0

Action                   |  1- 3 |  4- 6 || total
-------------------------+-------+-------++-------
Melee: Unarmed           |   100 |    27 ||   127
       Punch             |     1 |     1 ||     2
Invok: Draw Escape       |       |     1 ||     1
       Draw Destruction  |       |     1 ||     1
  Use: Potion            |       |     2 ||     2
 Stab: Sleeping          |    10 |       ||    10
Armor: Robe              |    30 |    10 ||    40
Dodge: Dodged            |    37 |    34 ||    71
